 Dungeon Crawl Stone Soup version 0.30-a0-847-g17996783a1 (webtiles) character file.

Game seed: 3257552550663024673

6050 bobo the Zephyrmancer (level 11, -1/77 (84) HPs)
             Began as a Human Air Elementalist on Mar 4, 2023.
             Was a Believer of Vehumet.
             Slain by a spectral orc warrior
             ... wielding a +0 glaive
             ... summoned by Nergalle
              (12 damage)
             ... on level 10 of the Dungeon.
             The game lasted 00:36:45 (10033 turns).

bobo the Zephyrmancer (Human Air Elementalist)     Turns: 10033, Time: 00:36:46

HP:   -1/77 (84)    AC:  6    Str:  9    XL:     11   Next: 11%
MP:   6/29          EV: 14    Int: 19    God:    Vehumet [**....]
Gold: 516           SH:  0    Dex: 14    Spells: 9/22 levels left

rFire   + . .      SeeInvis .    q - +2 dagger (protect)
rCold   . . .      Faith    .    (no shield)
rNeg    . . .      Spirit   .    a - +0 robe
rPois   .          Reflect  .    d - +2 hat
rElec   .          Rampage  .    p - +0 cloak
rCorr   .                        (no gloves)
Will    .....                    y - +0 pair of boots
Stlth   +++                      (no amulet)
HPRegen 0.32/turn                i - ring of magical power
MPRegen 0.21/turn                l - ring of protection from fire

@: studying Long Blades, drained
A: no striking features
a: Renounce Religion


You were on level 10 of the Dungeon.
You worshipped Vehumet.
Vehumet was pleased with you.
You visited 2 branches of the dungeon, and saw 11 of its levels.

You collected 516 gold pieces.

Inventory:

Hand Weapons
 q - a +2 dagger of protection (weapon)
 v - a +2 dagger of holy wrath
Armour
 a - a +0 robe (worn)
 d - a +2 hat (worn)
 p - a +0 cloak (worn)
 y - a +0 pair of boots (worn)
 M - a +0 buckler
Magical Staves
 I - a staff of conjuration
Jewellery
 h - a ring of fire
 i - a ring of magical power (left hand)
 l - a ring of protection from fire (right hand)
 G - an amulet of reflection
 L - an amulet of faith
Wands
 f - a wand of charming (4)
 x - a wand of acid (18)
 B - a wand of roots (6)
 C - a wand of flame (22)
Scrolls
 e - 2 scrolls of magic mapping {unknown}
 g - 3 scrolls of immolation
 j - a scroll of enchant armour {unknown}
 k - 2 scrolls of fog {unknown}
 r - a scroll of blinking
 s - 3 scrolls of enchant weapon {unknown}
 t - 3 scrolls of poison {unknown}
 w - 2 scrolls of brand weapon {unknown}
 D - 2 scrolls of fear {unknown}
 F - 2 scrolls of amnesia {unknown}
 H - a scroll of noise {unknown}
 N - a scroll of identify
Potions
 b - a potion of magic
 c - 2 potions of heal wounds
 m - 4 potions of curing
 n - 2 potions of flight
 o - 3 potions of might
 u - 2 potions of brilliance
 z - 4 potions of attraction
 A - a potion of lignification {unknown}
 E - a potion of ambrosia {unknown}
 J - 2 potions of cancellation {unknown}
 K - 3 potions of degeneration {unknown}


   Skills:
 + Level 7.5 Fighting
 + Level 4.8 Dodging
 + Level 7.0 Stealth
 - Level 6.0 Spellcasting
 + Level 4.3 Conjurations
 + Level 9.7 Air Magic


You had 9 spell levels left.
You knew the following spells:

 Your Spells              Type           Power      Damage    Failure   Level
a - Shock                 Conj/Air       100%       1d9       1%          1
c - Mephitic Cloud        Conj/Pois/Air  23%        N/A       4%          3
r - Swiftness             Air            42%        N/A       1%          3
s - Static Discharge      Conj/Air       64%        2-5/arc   1%          2
z - Airstrike             Air            21%        2d(3-19)  1%          4

Your spell library contained the following spells:

 Spells                   Type           Power      Damage    Failure   Level
 Sandblast                Erth           10%        2d5       11%         1
 Magic Dart               Conj           88%        1d7       1%          1
 Kiss of Death            Conj/Necr      52%        2d9       4%          1
 Apportation              Tloc           10%        N/A       11%         1
 Beastly Appendage        Tmut           10%        N/A       11%         1
 Necrotise                Necr           20%        1d5       11%         1
 Summon Small Mammal      Summ           20%        N/A       11%         1
 Dazzling Flash           Conj/Hex       26%        N/A       14%         3
 Call Imp                 Summ           5%         N/A       17%         2
 Lesser Beckoning         Tloc           10%        N/A       17%         2
 Wereblood                Tmut           5%         N/A       17%         2
 Confusing Touch          Hex            5%         N/A       32%         3
 Gell's Gravitas          Tloc           5%         N/A       32%         3
 Spider Form              Tmut/Pois      5%         N/A       32%         3
 Teleport Other           Tloc           5%         N/A       32%         3
 Silence                  Hex/Air        12%        N/A       38%         5
 Iskenderun's Mystic Bla  Conj/Tloc      13%        2d5       43%         4
 Dispel Undead            Necr           5%         3d7       73%         4
 Passage of Golubria      Tloc           5%         N/A       73%         4
 Summon Ice Beast         Ice/Summ       5%         N/A       73%         4
 Summon Mana Viper        Hex/Summ       5%         N/A       97%         5
 Starburst                Conj/Fire      6%         6d4       100%        6
 Monstrous Menagerie      Summ           2%         N/A       100%        7
 Lehudib's Crystal Spear  Conj/Erth      6%         10d3      100%        8


Dungeon Overview and Level Annotations

Branches:
Dungeon (9/15)             Temple (1/1) D:4            Lair (0/5) D:10
    Orc: D:9-12

Altars:
Ashenzari
Cheibriados
Dithmenos
Elyvilon
Fedhas
Gozag
Hepliaklqana
Kikubaaqudgha
Makhleb
Nemelex Xobeh
Okawaru
Qazlal
Ru
Sif Muna
Trog
Uskayaw
Vehumet
Wu Jian
Xom
Yredelemnul
Zin
The Shining One

Annotations:
D:8 1 exclusion
D:10 Nergalle


Message History

Casting: Airstrike (dangerous; 1% risk of failure)
Confirm with . or Enter, or press ? or * to list all spells.
Aiming: Airstrike (dangerous; 1% risk of failure)
Press: ? - help, Dir - move target, f/p - Nergalle
Aim: Nergalle, wielding a +0 dagger and wearing a +2 robe of fire resistance (lightly wounded, empty space bonus: 3/8)
The air twists around and strikes Nergalle but does no damage.
The spectral orc warrior hits you from afar with a +0 glaive!
You feel drained.
Casting: Airstrike (dangerous; 1% risk of failure)
Confirm with . or Enter, or press ? or * to list all spells.
Aiming: Airstrike (dangerous; 1% risk of failure)
Press: ? - help, Dir - move target, f/p - Nergalle
Aim: Nergalle, wielding a +0 dagger and wearing a +2 robe of fire resistance (lightly wounded, empty space bonus: 6/8)
The air twists around and strikes Nergalle!
Nergalle is moderately wounded.
The spectral orc knight misses you.
The spectral orc warrior completely misses you.
Casting: Airstrike (dangerous; 1% risk of failure)
Confirm with . or Enter, or press ? or * to list all spells.
Aiming: Airstrike (dangerous; 1% risk of failure)
Press: ? - help, Dir - move target, f/p - Nergalle
Aim: Nergalle, wielding a +0 dagger and wearing a +2 robe of fire resistance (moderately wounded, empty space bonus: 7/8)
The air twists around and strikes Nergalle.
Nergalle is moderately wounded.
The spectral orc knight hits you.
The spectral orc warrior closely misses you.
Nergalle asks, "There's a tasty morsel, hm?"
Casting: Airstrike (dangerous; 1% risk of failure)
Confirm with . or Enter, or press ? or * to list all spells.
Aiming: Airstrike (dangerous; 1% risk of failure)
Press: ? - help, Dir - move target, f/p - Nergalle
Aim: Nergalle, wielding a +0 dagger and wearing a +2 robe of fire resistance (moderately wounded, empty space bonus: 5/8)
The air twists around and strikes Nergalle!
Nergalle is heavily wounded.
The spectral orc knight hits you!
* * * LOW HITPOINT WARNING * * *
You feel drained.
* * * LOW HITPOINT WARNING * * *
The spectral orc warrior hits you from afar with a +0 glaive!
You die...

#######.......#
#..........##.#
#.88888888.##.####
##.8888.888.......#
###............#.....
#........8....##.##.#
#. #.Z...8.......##.#
#.##.Z........#..##..
#.#.@8888}888....####
#.#.o8888.888.##.####
#.............##.....
#......##.....#####.#
#.#######.....#...#.#
#. #.........#.. #.
#.....#...... ..
#.....#####.. ##
####### #..


You could see Nergalle, a spectral orc warrior (summoned) and a spectral orc
knight (summoned).

Vanquished Creatures
  A two-headed ogre (D:8)
  Pikel (D:4)
  A tengu conjurer (D:8)
  A troll (D:10)
  Prince Ribbit (D:8)
  Grinder (D:4)
  Sigmund (D:4)
  A shadow (D:10)
  2 wyverns
  7 yaks
  A steam dragon (D:8)
  A water moccasin (D:4)
  2 ice beasts (D:6)
  An orc warrior (D:8)
  A black bear (D:7)
  2 centaurs (D:6)
  2 lemures
  A kobold brigand (D:7)
  A phantom (D:4)
  Blork the orc (D:5)
  4 scorpions
  5 wights
  A howler monkey (D:6)
  8 hounds
  5 orc priests
  Crazy Yiuf (D:4)
  2 iguanas
  Ijyb (D:5)
  10 orc wizards
  Robin (D:3)
  10 adders
  4 gnolls (D:3)
  4 river rats (D:5)
  2 shadow imps (D:7)
  3 ufetubi (D:5)
  3 dart slugs
  3 worms (D:2)
  27 orcs
  6 bats
  4 endoplasms
  A giant cockroach (D:3)
  13 goblins
  6 hobgoblins
  12 jackals
  17 kobolds
  5 quokkas
  4 ball pythons
  4 frilled lizards
  7 rats
203 creatures vanquished.

Notes
Turn   | Place    | Note
-------+----------+-------------------------------------------
     0 | D:1      | bobo the Human Air Elementalist began the quest for the
                  | Orb.
     0 | D:1      | Reached XP level 1. HP: 13/13 MP: 3/3
   241 | D:1      | Reached XP level 2. HP: 19/19 MP: 3/5
   444 | D:1      | Learned a level 2 spell: Static Discharge
   985 | D:2      | Reached XP level 3. HP: 24/24 MP: 2/6
   989 | D:2      | Learned a level 3 spell: Swiftness
  1430 | D:2      | Found an iron altar of Okawaru.
  1433 | D:2      | Reached XP level 4. HP: 30/30 MP: 7/7
  2024 | D:3      | Noticed Robin
  2088 | D:3      | Reached XP level 5. HP: 28/35 MP: 9/9
  2523 | D:3      | Found a glowing golden altar of the Shining One.
  2541 | D:3      | Reached skill level 4 in Air Magic
  2541 | D:3      | Reached XP level 6. HP: 32/41 MP: 8/10
  2547 | D:3      | Learned a level 4 spell: Airstrike
  2735 | D:3      | Found a burning altar of Makhleb.
  2813 | D:3      | Killed Robin
  3110 | D:3      | Found an ancient bone altar of Kikubaaqudgha.
  3565 | D:4      | Identified the +3 ring mail of Insecurity {rPois Int+3}
  3655 | D:4      | Reached XP level 7. HP: 39/46 MP: 12/12
  3869 | D:4      | Found a staircase to the Ecumenical Temple.
  3886 | Temple   | Entered the Ecumenical Temple
  4045 | Temple   | Became a worshipper of Vehumet
  4068 | D:4      | Noticed a water moccasin
  4121 | D:4      | Found a basalt altar of Yredelemnul.
  4214 | D:4      | Noticed Pikel
  4342 | D:4      | Killed Pikel
  4343 | D:4      | Reached skill level 5 in Stealth
  4343 | D:4      | Reached skill level 5 in Air Magic
  4343 | D:4      | Reached XP level 8. HP: 49/52 MP: 7/14
  4470 | D:4      | Reached skill level 1 in Fighting
  4470 | D:4      | Reached skill level 6 in Air Magic
  4655 | D:4      | Noticed Sigmund
  4673 | D:4      | Killed Sigmund
  4674 | D:4      | Reached skill level 5 in Spellcasting
  4778 | D:4      | Noticed Grinder
  4784 | D:4      | Killed Grinder
  4785 | D:4      | Reached XP level 9. HP: 62/62 MP: 9/16
  4907 | D:4      | Found a runed translucent door.
  4908 | D:4      | Noticed Crazy Yiuf
  4978 | D:4      | Killed Crazy Yiuf
  5065 | D:5      | Entered Level 5 of the Dungeon
  5324 | D:5      | Noticed Blork the orc
  5324 | D:5      | Noticed Ijyb
  5339 | D:5      | Killed Blork the orc
  5527 | D:5      | Reached skill level 7 in Air Magic
  5579 | D:5      | Killed Ijyb
  5813 | D:5      | Reached * piety under Vehumet
  5813 | D:5      | Offered knowledge of Foxfire by Vehumet.
  6540 | D:6      | Reached skill level 5 in Fighting
  6715 | D:6      | Reached skill level 8 in Air Magic
  7249 | D:7      | Reached XP level 10. HP: 76/76 MP: 15/19
  7453 | D:7      | Learned a level 3 spell: Mephitic Cloud
  7757 | D:8      | Reached ** piety under Vehumet
  7757 | D:8      | Offered knowledge of Sandblast by Vehumet.
  7777 | D:8      | Noticed a two-headed ogre
  7980 | D:8      | Noticed Prince Ribbit
  7989 | D:8      | Killed Prince Ribbit
  7990 | D:8      | Reached skill level 9 in Air Magic
  8159 | D:8      | Found an ornate altar of the Wu Jian Council.
  8306 | D:8      | Killed a two-headed ogre
  8471 | D:8      | Found an iron altar of Okawaru.
  8921 | D:8      | Noticed a boulder beetle
  8981 | D:8      | Reached XP level 11. HP: 84/84 MP: 17/20
  9220 | D:9      | You fall into a shaft and drop 1 floor!
  9220 | D:10     | Entered Level 10 of the Dungeon
  9619 | D:10     | Noticed a death yak
  9688 | D:10     | Found a staircase to the Lair.
 10024 | D:10     | Noticed Nergalle
 10033 | D:10     | Slain by a spectral orc warrior

Illustrated notes

Levels and vault maps discovered:
D:1:      dpeg_arrival_short_road, layout_basic
D:2:      layout_rooms, basic_altar, roderic_filled_cross
D:3:      layout_rooms, marbit_many_paths, mainiacjoe_overflow_catch_the_wave,
          uniq_robin
D:4:      layout_cave_pools, old_standard_altar, minmay_temple_entry_ruins,
          minmay_quantized, uniq_sigmund, uniq_grinder, uniq_pikel,
          uniq_crazy_yiuf_cottage
D:5:      layout_rooms, gup_sewer_entry_bubbles, minmay_chambers_of_fives,
          uniq_blork_the_orc, uniq_ijyb
D:6:      layout_loops_cross, minmay_misc_feat_columns, minmay_manual_mares
D:7:      layout_rooms, minmay_misc_feat_diagonals, hangedman_decor_opposing,
          chequers_serial_rivers_micro_c
D:8:      layout_basic, okawaru_trees_1, nzn_wu_jian_contemplation,
          minmay_evil_grid, uniq_prince_ribbit1
D:9:      layout_basic
D:10:     layout_loops_cross, dpeg_lair_monsters, gammafunk_ghost_hive,
          hellmonk_bongcloud_opening, uniq_nergalle, uniq_josephine
Temple:   regret_index_temple_sphere_string

Skill      XL: |  1  2  3  4  5  6  7  8  9 10 11 |
---------------+----------------------------------+-----
Conjurations   | 2 3 4 |  4.3
Stealth        | 3 4 5 6 7 |  7.0
Spellcasting   | 3 4 5 6 |  6.0
Air Magic      | 4 5 6 8 9 |  9.7
Fighting       | 2 5 7 |  7.5
Dodging        | 4 |  4.8

Action                     |  1- 3 |  4- 6 |  7- 9 | 10-12 || total
---------------------------+-------+-------+-------+-------++-------
  Melee: Dagger            |    10 |       |    16 |     8 ||    34
         Punch             |       |       |       |     1 ||     1
   Cast: Shock             |    74 |   153 |   132 |    63 ||   422
         Static Discharge  |     2 |    16 |    22 |    30 ||    70
         Swiftness         |       |     1 |     4 |     3 ||     8
         Airstrike         |       |       |    36 |    36 ||    72
         Mephitic Cloud    |       |       |       |     1 ||     1
    Use: Scroll            |       |       |     7 |     5 ||    12
         Potion            |       |       |       |     3 ||     3
   Stab: Sleeping          |       |       |     2 |       ||     2
 Armour: Robe              |     6 |     9 |    22 |    28 ||    65
  Dodge: Dodged            |    11 |    27 |    33 |    45 ||   116

Table legend: (Time is in decaauts)
 A = Elapsed time spent in this place.
 B = Non-inter-level travel time spent in this place.
 C = Inter-level travel time spent in this place.
 D = Time resting spent in this place.
 E = Time spent auto-exploring this place.
 F = Levels seen in this place.
 G = Mean time per level.
                   A        B        C        D        E       F      G
               +--------+--------+--------+--------+--------+-----+--------+
         Total |  10039 |   9749 |    290 |   1268 |   6567 |  11 |  912.6 |
       Dungeon |   9857 |   9588 |    269 |   1268 |   6427 |  10 |  985.7 |
        Temple |    181 |    160 |     21 |      0 |    140 |   1 |  181.0 |
               +--------+--------+--------+--------+--------+-----+--------+

Top non-repeatable levels by time:
     D:4: 1417 daAuts
     D:3: 1413 daAuts
     D:5: 1311 daAuts
     D:2: 1169 daAuts
     D:8: 1115 daAuts
     D:7: 1062 daAuts
     D:1: 878 daAuts
    D:10: 812 daAuts
     D:6: 673 daAuts
  Temple: 181 daAuts
     D:9: 3 daAuts
